 Dungeon Crawl Stone Soup version 0.23.2-33-g5129a83184 (console) character file.

Game seed: 11239628551560451969

222449 FlyingSalmon the Phalangite (level 19, -11/152 HPs)
             Began as a Merfolk Gladiator on July 23, 2019.
             Was a Priest of Zin.
             Killed from afar by a nagaraja (27 damage)
             ... with an orb of energy
             ... on level 4 of the Snake Pit on July 24, 2019.
             The game lasted 05:15:21 (51755 turns).

FlyingSalmon the Phalangite (Merfolk Gladiator)    Turns: 51755, Time: 05:15:22

Health: -11/152    AC: 24    Str: 30    XL:     19   Next: 23%
Magic:  31/31      EV: 22    Int: 12    God:    Zin [***...]
Gold:   613        SH:  0    Dex: 23    Spells: 18/18 levels left

rFire    . . .     SeeInvis +   a - +9 bardiche
rCold    + . .     Gourm    .   (shield currently unavailable)
rNeg     + . .     Faith    .   V - +5 ring mail of Oguff {+Inv MR++ Int-5}
rPois    ∞         Spirit   .   c - +1 helmet
rElec    +         Reflect  .   H - +1 cloak
rCorr    .         Harm     .   Z - +2 pair of gloves "Neki Enk" {rElec rN+}
MR       +++..                  X - +2 pair of boots
Stlth    +.........             u - amulet of rage
HPRegen  0.35/turn              i - ring of protection from cold
MPRegen  0.22/turn              N - ring of Ifi Bup {Str+3 Int+4 SInv}

@: vitalised, very slightly contaminated
A: change form in water, swift swim, stealthy swim
}: 1/15 runes: barnacled
a: Recite, Vitalisation, Imprison, Donate Gold, Renounce Religion, Evoke Berserk
Rage, Evoke Invisibility


You were on level 4 of the Snake Pit.
You worshipped Zin.
Zin was most pleased with you.
You were not hungry.

You visited 5 branches of the dungeon, and saw 30 of its levels.
You visited the Abyss 2 times.
You also visited: Bailey.

You collected 3400 gold pieces.
You spent 2195 gold pieces at shops.
You donated 592 gold pieces to Zin.

Inventory:

Hand Weapons
 a - a +9 bardiche (weapon)
 b - a +2 halberd of freezing
Missiles
 h - 5 throwing nets
 j - 1014 stones
 l - 11 javelins of returning (quivered)
 D - 40 tomahawks
 Y - 3 steel javelins
Armour
 c - a +1 helmet (worn)
 v - the +3 scale mail of the Last Wars {+Blink Str+7 Dex-2 SInv}
   (You found it on level 6 of the Dungeon)

   It affects your strength (+7).
   It affects your dexterity (-2).
   It lets you see invisible.
   It lets you blink.
 H - a +1 cloak (worn)
 K - a +3 plate armour of fire resistance
 V - the +5 ring mail of Oguff (worn) {+Inv MR++ Int-5}
   (You bought it in a shop on level 9 of the Dungeon)

   It affects your intelligence (-5).
   It affects your resistance to hostile enchantments.
   It lets you turn invisible.
 X - a +2 pair of boots (worn)
 Z - the +2 pair of gloves "Neki Enk" (worn) {rElec rN+}
   (You found it on level 2 of the Shoals)

   It insulates you from electricity.
   It protects you from negative energy.
Jewellery
 i - a ring of protection from cold (left hand)
 r - an uncursed ring of poison resistance
 u - an amulet of rage (around neck)
 E - an uncursed ring of resist corrosion
 N - the ring of Ifi Bup (right hand) {Str+3 Int+4 SInv}
   (You found it on level 1 of the Orcish Mines)

   [ring of strength]

   It affects your strength (+3).
   It affects your intelligence (+4).
   It lets you see invisible.
 P - a +4 ring of strength
 Q - an uncursed amulet of the gourmand
 R - an uncursed ring of protection from magic
 W - an uncursed amulet of guardian spirit
Wands
 d - a wand of iceblast (11)
 g - a wand of scattershot (1)
 n - a wand of paralysis (5)
 p - a wand of enslavement (14)
 F - a wand of disintegration (15)
 S - a wand of acid (20)
Scrolls
 w - 2 scrolls of blinking
 z - 2 scrolls of teleportation
 A - 21 scrolls of remove curse
 G - 6 scrolls of magic mapping
 I - 2 scrolls of fear
 O - 2 scrolls of silence
 T - a scroll of holy word
 U - 2 scrolls of enchant weapon
Potions
 e - 3 potions of berserk rage
 k - a potion of resistance
 m - a potion of invisibility
 q - 3 potions of flight
 s - 5 potions of agility
 t - 2 potions of might
 x - 4 potions of ambrosia
 B - 2 potions of curing
 C - 5 potions of haste
 L - a potion of cancellation
Miscellaneous
 M - a lightning rod (4/4)
Comestibles
 f - 10 rations


   Skills:
 + Level 14.2 Fighting
 - Level 26.0 Polearms
 + Level 4.4 Throwing
 * Level 11.8 Armour
 + Level 11.8 Dodging
 + Level 16.7 Invocations
 + Level 4.6 Evocations


You had 18 spell levels left.
You didn't know any spells.
Your spell library contained the following spells:

 Spells                   Type           Power        Failure   Level  Hunger
 Magic Dart               Conj           #...         41%         1    ##.....
 Shock                    Conj/Air       #...         41%         1    ##.....
 Summon Butterflies       Summ           #.......     41%         1    ##.....
 Summon Small Mammal      Summ           #...         41%         1    ##.....
 Call Imp                 Summ           #.......     54%         2    ###....
 Searing Ray              Conj           #.....       54%         2    ###....
 Swiftness                Chrm/Air       #.......     54%         2    ###....
 Call Canine Familiar     Summ           #.......     78%         3    ####...
 Dazzling Spray           Conj/Hex       #.....       78%         3    ####...
 Static Discharge         Conj/Air       #.......     78%         3    ####...
 Summon Guardian Golem    Hex/Summ       #.......     78%         3    ####...
 Airstrike                Air            #.........   99%         4    #####..
 Force Lance              Conj/Tloc      #.......     99%         4    #####..
 Fulminant Prism          Conj/Hex       #.........   99%         4    #####..
 Iskenderun's Mystic Bla  Conj           #.......     99%         4    #####..
 Summon Ice Beast         Ice/Summ       #.......     99%         4    #####..
 Summon Lightning Spire   Summ/Air       #.......     99%         4    #####..
 Bolt of Magma            Conj/Fire/Erth #.........   100%        5    ######.
 Iskenderun's Battlesphe  Conj/Chrm      #.......     100%        5    ######.
 Lightning Bolt           Conj/Air       #.........   100%        5    ######.
 Summon Mana Viper        Hex/Summ       #.......     100%        5    ######.
 Venom Bolt               Conj/Pois      #.........   100%        5    ######.
 Iron Shot                Conj/Erth      #.........   100%        6    #######
 Orb of Destruction       Conj           #.........   100%        7    #######
 Spellforged Servitor     Conj/Summ      #.........   100%        7    #######
 Summon Hydra             Summ           #.........   100%        7    #######
 Ignition                 Fire           #.........   100%        8    #######
 Shatter                  Erth           #.........   100%        9    #######
 Tornado                  Air            #.........   100%        9    #######


Dungeon Overview and Level Annotations

Branches:
Dungeon (14/15)            Temple (0/1) D:6            Lair (6/6) D:8
 Shoals (4/4) Lair:3        Snake (4/4) Lair:2        Slime (0/5) Lair:5
    Orc (2/2) D:9             Elf (0/3) Orc:2        Vaults (0/5) D:13

Altars:
Ashenzari
Cheibriados
Dithmenos
Elyvilon
Fedhas
Hepliaklqana
Kikubaaqudgha
Makhleb
Nemelex Xobeh
Okawaru
Qazlal
Ru
Trog
Xom
Yredelemnul
Zin
The Shining One
Jiyva

Shops:
D:9 *:?[   D:13 }   Orc:2 :[}[[

Annotations:
D:14 Louise
Lair:1 1 runed translucent door, Jabberih's ghost, journeyman DrFE
Lair:5 exclusion: 2 oklob plants
Shoals:3 1 runed translucent door, harness's ghost, adept DEEn


Message History

* * * LOW HITPOINT WARNING * * *
The nagaraja constricts you.
The naga sharpshooter shoots an arrow.
The arrow misses you.
A naga comes into view. It is wielding a +0 war axe.
The nagaraja hits you with a +0 club!!
* * * LOW HITPOINT WARNING * * *
x2 The nagaraja constricts you.
Blink to where?
Press: ? - help, Dir - move target cursor, p - naga sharpshooter You escape the nagaraja's grasp.
You are very lightly contaminated with residual magic.
As you read the scroll of blinking, it crumbles to dust.
The naga sharpshooter casts a spell.
The naga sharpshooter magically shoots an arrow.
The arrow hits you.
* * * LOW HITPOINT WARNING * * *
The naga sharpshooter shoots an arrow.
The arrow hits you but does no damage. The nagaraja casts a spell at you.
The orb of energy hits you!!
You die...

#....#..... .#
##....#..... #
#.....#....##.#
#...).#.....#.#
#...)†#.#...#.#.#
#...N)#'##'##.#.#
#..#..N.......#.#
#..[...)......#.###+#
#......@......#.....
###........(..#...
#...........#'######
#...................
#........##.##......
##......##### .##..
#.###...# # #.# #####
###


You could see a nagaraja and a naga sharpshooter (dazed).

Vanquished Creatures
  Nikola (Shoals:1)
  Rupert (D:13)
  A kraken (Shoals:3)
  Polyphemus (Shoals:4)
  A sphinx (D:11)
  Kirke (Shoals:1)
  5 nagarajas
  A tengu reaver (D:12)
  Donald (Shoals:1)
  Roxanne (Snake:2)
  2 frost giants
  Aizul (Snake:2)
  A purple draconian (Abyss:2)
  A dire elephant (Lair:5)
  Snorg (D:10)
  3 merfolk javelineers
  An ettin (D:12)
  17 merfolk impalers
  Fannar (Lair:3)
  The ghost of SanSoy the Fighter, a journeyman DsFi of Uskayaw (Orc:2)
  5 hydras
  A rakshasa (Abyss:2)
  3 merfolk avatars
  11 naga warriors
  2 catoblepae
  A centaur warrior (D:12)
  7 anacondas
  A two-headed ogre (D:8)
  2 satyrs
  12 merfolk aquamancers
  10 death yaks
  8 naga sharpshooters
  3 orc high priests (Orc:2)
  A sun demon (Abyss:2)
  9 thrashing horrors (Abyss:2)
  2 fire crabs (Shoals:3)
  2 salamander mystics (Snake:2)
  3 sixfirhies (Abyss:2)
  A skeletal warrior (D:12)
  2 unseen horrors
  22 sea snakes
  A deep elf archer (Orc:1)
  A shadow demon (Abyss:2)
  A starcursed mass (Abyss:2)
  15 harpies
  A phantasmal warrior (Abyss:2)
  2 naga ritualists (Snake:2)
  4 lindwurms
  2 mana vipers (Snake:1)
  10 orc knights
  3 ugly things
  A deep elf mage (D:12)
  14 salamanders
  A shining eye (Abyss:2)
  4 orc sorcerers
  10 manticores
  20 fauns
  4 cyclopes
  Maurice (D:9)
  An apocalypse crab (Abyss:2)
  9 merfolk sirens
  5 elephants (Lair:5)
  3 guardian serpents
  34 black mambas
  6 water nymphs
  Joseph (Lair:1)
  16 naga magi
  2 torpor snails
  A smoke demon (Abyss:2)
  5 spiny frogs
  5 gargoyles
  2 kobold demonologists (D:12)
  A yaktaur (D:8)
  2 hellwings (Abyss:2)
  2 rime drakes (Lair:5)
  A freezing wraith (Abyss:2)
  7 komodo dragons
  7 ancient zymes (Abyss:2)
  A tengu conjurer (D:13)
  2 polar bears
  7 wind drakes
  4 trolls
  34 merfolk
  12 blink frogs
  2 raiju (Abyss:2)
  A hornet (D:9)
  8 slime creatures
  6 dream sheep
  8 snapping turtles
  2 centaur simulacra (D:11)
  11 hippogriffs
  8 large abominations (Abyss:2)
  2 vampires
  2 flying skulls (Abyss:2)
  A ynoxinul (Abyss:2)
  12 water elementals
  2 wraiths
  6 wyverns
  43 yaks
  2 fire bats (Shoals:3)
  6 basilisks
  A hog (shapeshifter) (D:11)
  3 hogs (Shoals:1)
  2 hungry ghosts (D:12)
  2 vampire mosquitoes (D:13)
  3 chaos spawn (Abyss:2)
  2 neqoxecs (Abyss:2)
  6 wargs
  36 nagas
  A soldier ant (D:11)
  7 water moccasins
  4 porcupines
  22 orc warriors
  14 ice beasts
  6 sky beasts
  2 phantoms (D:8)
  A black bear (D:8)
  2 eyes of draining
  18 wolves
  16 centaurs
  14 ogres
  15 crocodiles
  A big kobold (D:13)
  10 small abominations (Abyss:2)
  Blork the orc (D:4)
  15 bullfrogs
  A wyvern zombie (D:12)
  A water moccasin zombie (D:11)
  7 scorpions
  16 wights
  9 electric eels
  3 howler monkeys
  11 crimson imps
  A quasit (D:9)
  A bullfrog zombie (D:10)
  4 centaur zombies
  6 hounds
  10 jellies
  12 orc priests
  2 bullfrog skeletons
  11 orc wizards
  3 centaur skeletons
  2 iguanas
  17 worker ants
  A bullfrog simulacrum (D:11)
  3 hound skeletons
  A worker ant zombie (D:11)
  2 howler monkey skeletons
  14 adders
  5 shadow imps
  A white imp (D:11)
  An ufetubus (Abyss:2)
  6 oozes
  3 adder skeletons
  A dart slug (D:5)
  3 worms
  7 leopard geckos
  47 orcs
  8 bats
  8 giant cockroaches
  9 goblins
  7 hobgoblins
  12 jackals
  9 kobolds
  4 quokkas
  4 ball pythons
  4 frilled lizards
  A quokka skeleton (D:7)
  A quokka zombie (D:9)
  8 rats
  A lurking horror (Abyss:2)
  3 plants
  5 tentacles (Shoals:3)
1038 creatures vanquished.

Vanquished Creatures (others)
  A merfolk (Shoals:4)
  A large abomination (Abyss:2)
  A human (Shoals:1)
  An ufetubus (Abyss:2)
  A demonic plant (Abyss:2)
  8 fungi
  A lurking horror (Abyss:2)
  3 pillars of salt
  19 plants
  2 starspawn tentacles (Abyss:2)
  23 tentacles (Shoals:3)
61 creatures vanquished.

Grand Total: 1099 creatures vanquished

Notes
Turn   | Place    | Note
-------+----------+-------------------------------------------
     0 | D:1      | FlyingSalmon the Merfolk Gladiator began the quest for the
                  | Orb.
     0 | D:1      | Reached XP level 1. HP: 16/16 MP: 1/1
   149 | D:1      | Reached XP level 2. HP: 22/22 MP: 2/2
   164 | D:1      | Found a shimmering altar of Xom.
   414 | D:1      | Reached skill level 5 in Polearms
   730 | D:2      | Noticed a bullfrog
   737 | D:2      | Reached XP level 3. HP: 27/27 MP: 3/3
   746 | D:2      | Killed a bullfrog
   746 | D:2      | Reached skill level 6 in Polearms
   746 | D:2      | Reached XP level 4. HP: 18/34 MP: 4/4
   982 | D:2      | Found a basalt altar of Yredelemnul.
  1036 | D:2      | Reached XP level 5. HP: 35/39 MP: 5/5
  1107 | D:2      | Reached skill level 7 in Polearms
  1261 | D:2      | Found a bloodstained altar of Trog.
  1353 | D:2      | Found a shadowy altar of Dithmenos.
  1886 | D:3      | Reached skill level 1 in Armour
  1900 | D:3      | Found a sparkling altar of Nemelex Xobeh.
  2465 | D:3      | Found a shattered altar of Ashenzari.
  2471 | D:3      | Reached skill level 12 in Polearms
  2471 | D:3      | Reached skill level 5 in Invocations
  2471 | D:3      | Reached XP level 6. HP: 52/52 MP: 5/9
  2559 | D:3      | Found a white marble altar of Elyvilon.
  2562 | D:3      | Became a worshipper of Elyvilon the Healer
  2628 | D:3      | Found a glowing silver altar of Zin.
  2632 | D:3      | Fell from the grace of Elyvilon
  2632 | D:3      | Became a worshipper of Zin the Law-Giver
  2632 | D:3      | Reached * piety under Zin
  2855 | D:4      | Reached XP level 7. HP: 58/58 MP: 10/10
  2938 | D:4      | Found a burning altar of Makhleb.
  3012 | D:4      | Noticed Blork the orc
  3017 | D:4      | Killed Blork the orc
  3188 | D:4      | Found an ancient bone altar of Kikubaaqudgha.
  3189 | D:4      | Found a shimmering altar of Xom.
  3189 | D:4      | Found a snail-covered altar of Cheibriados.
  3356 | D:4      | Reached ** piety under Zin
  3358 | D:4      | Found a stormy altar of Qazlal.
  3378 | D:5      | Entered Level 5 of the Dungeon
  3522 | D:5      | Reached XP level 8. HP: 64/64 MP: 11/11
  3543 | D:5      | Reached skill level 13 in Polearms
  4009 | D:5      | Found a blossoming altar of Fedhas.
  4069 | D:5      | Found a snail-covered altar of Cheibriados.
  4169 | D:6      | Reached *** piety under Zin
  4406 | D:6      | Identified the ring "Bovil" {rElec Stlth-}
  4437 | D:6      | Reached XP level 9. HP: 68/70 MP: 11/13
  4466 | D:6      | Found a staircase to the Ecumenical Temple.
  4866 | D:6      | Reached skill level 14 in Polearms
  4940 | D:6      | Got an ancient scale mail
  4951 | D:6      | Identified the +3 scale mail of the Last Wars {+Blink Str+7
                  | Dex-2 SInv} (You found it on level 6 of the Dungeon)
  5529 | D:7      | Reached **** piety under Zin
  5657 | D:7      | Reached skill level 1 in Evocations
  5663 | D:7      | Found a sparkling altar of Nemelex Xobeh.
  5983 | D:7      | Reached skill level 15 in Polearms
  5991 | D:7      | Reached XP level 10. HP: 71/77 MP: 14/14
  6163 | D:8      | Found a flagged portal.
  6175 | Bailey   | Entered a bailey
  6177 | Bailey   | Noticed an orc knight
  6181 | Bailey   | Noticed an orc knight
  6500 | D:8      | Found a sacrificial altar of Ru.
  6668 | D:8      | Found a staircase to the Lair.
  6816 | D:8      | Found a glowing golden altar of the Shining One.
  7096 | D:8      | Noticed a gargoyle
  7102 | D:8      | Reached skill level 16 in Polearms
  7126 | D:8      | Killed a gargoyle
  7202 | D:8      | Reached ***** piety under Zin
  7272 | D:8      | Noticed a green ugly thing
  7303 | D:8      | Killed a green ugly thing
  7551 | D:8      | Noticed a two-headed ogre
  7563 | D:8      | Killed a two-headed ogre
  7563 | D:8      | Reached skill level 5 in Armour
  7563 | D:8      | Reached XP level 11. HP: 82/82 MP: 14/17
  7972 | D:9      | Found Cimorph's Magic Scroll Emporium.
  7974 | D:9      | Found a staircase to the Orcish Mines.
  7979 | D:9      | Bought a scroll of enchant weapon for 97 gold pieces
  7979 | D:9      | Bought a scroll of blinking for 97 gold pieces
  7979 | D:9      | Bought a scroll of identify for 26 gold pieces
  7979 | D:9      | Bought a scroll of identify for 26 gold pieces
  7979 | D:9      | Bought a scroll of identify for 26 gold pieces
  8002 | D:9      | Found Zextahal's Book Boutique.
  8057 | D:9      | Found a hazy altar of Hepliaklqana.
  8103 | D:9      | Paralysed by a hornet for 2 turns
  8391 | D:9      | Noticed Maurice
  8407 | D:9      | Killed Maurice
  8630 | D:9      | Found Foygepur's Antique Armour Boutique.
  8841 | D:9      | Found Fuimm's Assorted Antiques.
  8849 | D:9      | Bought a glowing halberd for 224 gold pieces
  9075 | Orc:1    | Entered Level 1 of the Orcish Mines
  9075 | Orc:1    | Noticed an orc knight
  9075 | Orc:1    | Noticed an orc sorcerer
  9213 | D:9      | Killed an orc knight
  9431 | D:9      | Killed an orc sorcerer
  9497 | Orc:1    | Noticed an orc knight
  9549 | D:9      | Killed an orc knight
  9969 | Orc:1    | Found a burning altar of Makhleb.
 10249 | Orc:1    | Reached ****** piety under Zin
 10407 | Orc:1    | Found a runed translucent gate.
 10407 | Orc:1    | Found a runed translucent gate.
 10407 | Orc:1    | Found a runed translucent gate.
 10407 | Orc:1    | Found an iron altar of Okawaru.
 10407 | Orc:1    | Noticed SanSoy's ghost (journeyman DsFi)
 10407 | Orc:1    | Noticed an orc knight
 10407 | Orc:1    | Noticed a deep elf archer
 10407 | Orc:1    | Noticed a merfolk impaler
 10407 | Orc:1    | Noticed a merfolk impaler
 10407 | Orc:1    | Noticed an orc knight
 10408 | Orc:1    | Noticed a naga warrior
 10467 | Orc:2    | Entered Level 2 of the Orcish Mines
 10549 | Orc:2    | Found Warphek's Book Shoppe.
 10574 | Orc:2    | Noticed an orc knight
 10595 | Orc:1    | Killed an orc knight
 10601 | Orc:1    | Reached skill level 10 in Invocations
 10947 | Orc:2    | Noticed an orc knight
 11250 | Orc:2    | Killed an orc knight
 11407 | Orc:2    | Found a burning altar of Makhleb.
 11459 | Orc:2    | Found a staircase to the Elven Halls.
 11580 | Orc:2    | Noticed an orc knight
 11633 | Orc:1    | Reached XP level 12. HP: 83/91 MP: 19/19
 11959 | Orc:2    | Noticed an orc high priest
 11963 | Orc:2    | Noticed a soul eater
 12003 | Orc:2    | Killed an orc high priest
 12518 | Orc:2    | Noticed an orc high priest
 12580 | Orc:2    | Killed an orc high priest
 12644 | Orc:2    | Noticed an orc high priest
 12857 | Orc:2    | Killed an orc high priest
 13326 | Orc:2    | Found Inezuehu's Armour Boutique.
 13326 | Orc:2    | Found Dacalies's Gadget Emporium.
 13328 | Orc:2    | Found Ranunah's Armour Emporium.
 13328 | Orc:2    | Found Mamyam's Armour Boutique.
 13506 | Lair:1   | Entered Level 1 of the Lair of Beasts
 13886 | Lair:1   | Found a runed translucent door.
 13889 | Lair:1   | Noticed Jabberih's ghost (journeyman DrFE)
 14260 | Lair:1   | Noticed Joseph
 14318 | Lair:1   | Killed Joseph
 14541 | Lair:1   | Reached skill level 17 in Polearms
 14808 | Lair:2   | Found a staircase to the Snake Pit.
 15183 | Lair:1   | Reached XP level 13. HP: 84/99 MP: 22/22
 15918 | Lair:3   | Reached skill level 10 in Dodging
 15924 | Lair:3   | Found a staircase to the Shoals.
 15966 | Lair:3   | Noticed Fannar
 16029 | Lair:3   | Killed Fannar
 19442 | Lair:5   | Found a staircase to the Slime Pits.
 20334 | Lair:6   | Entered Level 6 of the Lair of Beasts
 20425 | Lair:6   | Found the +15 Maxwell's patent armour {-Cast -Tele rElec
                  | MR+ rCorr}
 20577 | Lair:6   | Reached skill level 18 in Polearms
 20577 | Lair:6   | Reached XP level 14. HP: 109/109 MP: 23/23
 20762 | Lair:6   | Reached skill level 10 in Fighting
 22506 | Lair:6   | Noticed a dire elephant
 22592 | Lair:5   | Killed a dire elephant
 23399 | D:10     | Entered Level 10 of the Dungeon
 23577 | D:10     | Noticed Snorg
 23598 | D:10     | Killed Snorg
 26018 | D:12     | Reached skill level 10 in Armour
 26278 | D:12     | Reached skill level 19 in Polearms
 26278 | D:12     | Reached XP level 15. HP: 119/119 MP: 25/25
 27136 | D:12     | Noticed a sphinx
 27138 | D:12     | Noticed a tengu reaver
 27249 | D:11     | Killed a sphinx
 27307 | D:12     | Killed a tengu reaver
 27499 | D:12     | Noticed a frost giant
 27539 | D:12     | Killed a frost giant
 27871 | D:13     | Found a viscous altar of Jiyva.
 27974 | D:13     | Found Wiozet's Gadget Boutique.
 28059 | D:13     | Found a gate to the Vaults.
 28263 | D:13     | Noticed Rupert
 28338 | D:13     | Killed Rupert
 28884 | D:14     | Noticed Louise
 28916 | D:14     | Cast into level 2 of the Abyss (Louise)
 29431 | Abyss:2  | Noticed a tentacled starspawn
 29917 | Abyss:2  | Noticed a tentacled monstrosity
 30166 | Abyss:2  | Noticed a hellephant
 30167 | Abyss:2  | Noticed a tentacled starspawn
 30172 | Abyss:2  | Reached skill level 15 in Invocations
 30185 | D:14     | Escaped the Abyss
 30388 | D:14     | Cast into level 2 of the Abyss (Louise)
 30652 | Abyss:2  | Reached XP level 16. HP: 84/129 MP: 19/27
 30736 | Abyss:2  | Got a bloodstained ring mail
 30790 | Abyss:2  | Found a corrupted altar of Lugonu.
 30927 | Abyss:2  | Noticed a bone dragon
 30940 | Abyss:2  | Noticed a tentacled starspawn
 31158 | D:14     | Escaped the Abyss
 31460 | D:13     | Identified the +1 ring mail "Cixeivis" {rN+ MR+} (You found
                  | it on level 2 of the Abyss)
 31751 | Shoals:1 | Entered Level 1 of the Shoals
 32296 | Shoals:1 | Reached skill level 20 in Polearms
 32760 | Shoals:1 | Noticed Kirke
 32772 | Shoals:1 | Killed Kirke
 32813 | Shoals:1 | Noticed Donald
 33940 | Shoals:1 | Killed Donald
 34044 | Shoals:1 | Noticed Nikola
 34586 | Shoals:1 | Killed Nikola
 34863 | Shoals:2 | Reached skill level 21 in Polearms
 35577 | D:9      | Bought a copper ring for 160 gold pieces
 35639 | Orc:2    | Killed SanSoy's ghost
 35942 | Orc:1    | Got a coiled ivory ring
 35954 | Orc:1    | Identified the ring of Ifi Bup {Str+3 Int+4 SInv} (You
                  | found it on level 1 of the Orcish Mines)
 36021 | D:9      | Bought a scorched ring mail for 180 gold pieces
 36021 | D:9      | Bought a glowing plate armour for 520 gold pieces
 36033 | D:9      | Identified the +5 ring mail of Oguff {+Inv MR++ Int-5} (You
                  | bought it in a shop on level 9 of the Dungeon)
 37369 | Shoals:2 | Reached skill level 22 in Polearms
 37506 | Shoals:2 | Reached XP level 17. HP: 116/135 MP: 23/28
 37957 | Shoals:2 | Got a pair of bloodstained gloves
 37968 | Shoals:2 | Identified the +2 pair of gloves "Neki Enk" {rElec rN+}
                  | (You found it on level 2 of the Shoals)
 38434 | Shoals:3 | Found a runed translucent door.
 38436 | Shoals:3 | Noticed harness's ghost (adept DEEn)
 38676 | Shoals:3 | Reached skill level 23 in Polearms
 39382 | Shoals:3 | Noticed a kraken
 39764 | Shoals:3 | Killed a kraken
 40152 | Shoals:4 | Entered Level 4 of the Shoals
 41611 | Shoals:3 | Reached skill level 24 in Polearms
 42211 | Orc:2    | Bought a +3 plate armour of fire resistance for 540 gold
                  | pieces
 42233 | Orc:2    | Bought a wand of iceblast (6) for 130 gold pieces
 42233 | Orc:2    | Bought a wand of iceblast (9) for 169 gold pieces
 42243 | Orc:2    | Donated 253 gold pieces to Zin
 43057 | Shoals:4 | Noticed Polyphemus
 43141 | Shoals:4 | Killed Polyphemus
 45719 | Shoals:4 | Reached XP level 18. HP: 121/143 MP: 24/29
 46010 | Shoals:4 | Reached skill level 25 in Polearms
 46552 | Shoals:4 | Got a barnacled rune of Zot
 46892 | Snake:1  | Entered Level 1 of the Snake Pit
 48752 | Snake:2  | Identified Roxanne's Collected Works on Stones
 48752 | Snake:2  | Noticed Roxanne
 48761 | Snake:2  | Killed Roxanne
 49226 | Snake:3  | Noticed Aizul
 49531 | Snake:2  | Killed Aizul
 50353 | Snake:3  | Got an encrusted lajatang
 50361 | Snake:3  | Identified the +6 lajatang "Sarcophage" {slice, rElec
                  | Int+2} (You found it on level 3 of the Snake Pit)
 50544 | Snake:3  | Reached XP level 19. HP: 150/152 MP: 31/31
 50981 | Snake:3  | Reached skill level 26 in Polearms
 51468 | Snake:4  | Entered Level 4 of the Snake Pit
 51755 | Snake:4  | Killed from afar by a nagaraja

Skill      XL: |  1  2  3  4  5  6  7  8  9 10 11 12 13 14 15 16 17 18 19 |
---------------+----------------------------------------------------------+-----
Polearms       | 5 6 12 13 15 16 17 18 19 22 24 25 26 | 26.0
Armour         | 3 4 5 6 8 10 11 | 11.8
Fighting       | 6 7 8 9 11 12 13 14 | 14.2
Dodging        | 8 9 10 11 | 11.8
Invocations    | 5 8 10 12 13 15 16 | 16.7
Evocations     | 1 3 4 |  4.6
Throwing       | 3 4 |  4.4

Action                   |  1- 3 |  4- 6 |  7- 9 | 10-12 | 13-15 | 16-18 | 19-21 || total
-------------------------+-------+-------+-------+-------+-------+-------+-------++-------
Melee: Trident           |    85 |   135 |   124 |       |    27 |     7 |       ||   378
       Halberd           |       |       |   180 |   633 |  1185 |   194 |       ||  2192
       Tailslap          |       |       |       |     3 |    19 |    57 |       ||    79
       Bardiche          |       |       |       |       |       |  1129 |   108 ||  1237
Throw: Stone             |     2 |    12 |       |    19 |    35 |    87 |       ||   155
       Tomahawk          |       |    10 |    43 |   133 |   237 |     2 |       ||   425
       Throwing net      |       |       |     2 |     1 |       |     1 |       ||     4
       Javelin           |       |       |       |       |       |   102 |    19 ||   121
Invok: Recite            |       |       |    11 |    79 |    67 |   110 |    14 ||   281
       Vitalisation      |       |       |       |    20 |    33 |    37 |     6 ||    96
       Sanctuary         |       |       |       |       |     4 |       |       ||     4
       Donate Gold       |       |       |       |       |       |     2 |       ||     2
       Imprison          |       |       |       |       |       |     1 |       ||     1
 Abil: Evoke Blink       |       |       |     5 |     4 |    26 |     1 |       ||    36
Evoke: Wand              |       |       |       |       |     5 |    22 |       ||    27
  Use: Scroll            |     1 |     9 |     8 |     4 |    13 |    17 |     2 ||    54
       Potion            |       |     1 |       |       |     4 |     6 |     1 ||    12
 Stab: Sleeping          |     4 |     6 |     6 |       |       |       |       ||    16
       Distracted        |       |       |     1 |       |     1 |       |       ||     2
       Invisible         |       |       |     1 |    14 |     2 |       |       ||    17
       Confused          |       |       |       |     7 |    15 |    18 |     4 ||    44
       Paralysed         |       |       |       |    21 |     2 |       |       ||    23
       Petrified         |       |       |       |     6 |       |     1 |       ||     7
  Eat: Chunk             |       |     6 |     3 |    10 |    30 |     4 |       ||    53
       Ration            |       |       |     2 |     6 |     7 |    16 |     1 ||    32
Armor: Leather armour    |    16 |    19 |    12 |       |       |       |       ||    47
       Scale mail        |       |       |    17 |    72 |   277 |   152 |       ||   518
       Ring mail         |       |       |       |       |       |   257 |    38 ||   295
       Plate armour      |       |       |       |       |       |   144 |       ||   144
Dodge: Dodged            |    46 |    55 |   149 |   358 |   630 |  1205 |    81 ||  2524
Block: Buckler           |       |    11 |    24 |       |       |       |       ||    35
